Map: Abiogenesis LE

Players

Juxtapose

  • Race: Zerg Zerg
  • League: Platinum
  • Spawn Location: 11:00

Shanerb - Winner!

  • Race: Zerg Zerg
  • League: Platinum
  • Spawn Location: 5:00

VOD

https://youtu.be/eYelS94rpYo

Description

The final Match of our Best of Three Set, Shanerb breaks out his main Race and I also get Zerg, and this mirror match was my strongest match up of last Season.

What follows is a very close Match, and a great way to complete our Set.

This series of games was great fun, so thank you Shanerb for the Matches and I look forward to playing with you again!

Time

  • Played on: Feb. 4, 2018, 11:12 a.m.
  • Length: 9:11
Show
View Real Time Build Order
Export as new Build Order

Juxtapose Zerg 

Build Orders: Hatch First 

Get SALT Encoding   

  12  0:01  Drone  
  13  0:09  Drone  
  14  0:17  Overlord  
  14  0:36  Drone x2  
  16  0:53  Hatchery  
  16  0:54  Drone  
  16  1:01  Extractor  
  16  1:03  Drone  
  16  1:16  Spawning Pool  
  15  1:19  Drone  
  16  1:27  Drone  
  16  1:31  Overlord  
  17  1:38  Drone  
  18  1:46  Drone  
  19  1:54  Drone  
  20  2:03  Queen  
  20  2:07  Queen  
  24  2:09  Zergling x2  
  24  2:14  Zergling x2  
  26  2:16  Extractor  
  26  2:18  Zergling x2  
  26  2:25  Zergling x4  
  28  2:30  Drone  
  28  2:36  Drone  
  30  2:45  Drone  
  31  2:54  Zergling x2  
  31  2:55  Drone  
  33  3:02  Spine Crawler  
  32  3:08  Drone x2, Roach Warren  
  33  3:20  Spine Crawler  
  33  3:27  Drone x3  
  35  3:38  Drone  
  35  3:39  Overlord  
  36  3:49  Overlord  
  36  3:59  Roach x2  
  36  4:00  Drone x2  
  36  4:01  Drone  
  43  4:10  Drone x2  
  43  4:11  Drone  
  43  4:14  Roach  
  48  4:28  Roach x2  
  48  4:30  Overlord  
  52  4:39  Evolution Chamber  
  52  4:41  Drone  
  52  4:47  Overlord  
  54  4:53  Roach x4  
  60  5:04  Extractor  
  60  5:05  Roach  
  60  5:06  Drone x2  
  64  5:07  Drone  
  64  5:08  Roach  
  64  5:11  Zerg Missile Weapons Level 1  
  66  5:17  Roach  
  66  5:18  Overlord  
  68  5:33  Overlord  
  68  5:39  Roach x4  
  68  5:42  Overlord  
  76  5:55  Roach x4  
  84  5:59  Extractor, Drone  
  84  6:02  Ravager x2  
  86  6:10  Lair  
  86  6:15  Ravager  
  86  6:16  Roach x2  
  86  6:17  Overlord  
  91  6:36  Roach x4  
  91  6:38  Drone  
  100  6:48  Overlord x3  
  100  7:05  Queen  
  101  7:16  Roach  
  101  7:17  Roach x5, Zergling x4  
  101  7:18  Zergling x4  
  79  7:45  Roach x5  
  75  7:53  Drone  
  74  8:01  Hydralisk Den  
  71  8:09  Roach x3  
  65  8:27  Roach x5  
  65  8:28  Roach  
  46  8:43  Roach  
  46  8:44  Roach x4  
Show
View Real Time Build Order
Export as new Build Order

Shanerb Zerg - Winner!

Build Orders: Hatch First 

Get SALT Encoding   

  12  0:00  Drone  
  13  0:13  Overlord  
  13  0:17  Drone  
  14  0:31  Drone  
  14  0:32  Drone  
  14  0:35  Drone  
  17  0:53  Hatchery  
  17  0:55  Drone  
  17  1:02  Extractor, Drone  
  17  1:09  Drone  
  18  1:20  Spawning Pool  
  18  1:22  Drone  
  18  1:32  Drone  
  19  1:39  Overlord  
  19  1:50  Drone  
  20  2:01  Drone  
  21  2:08  Drone  
  21  2:12  Metabolic Boost  
  21  2:13  Queen x2  
  21  2:15  Zergling x2  
  27  2:20  Drone  
  28  2:26  Drone x2  
  30  2:34  Drone  
  31  2:38  Drone  
  32  2:47  Baneling Nest  
  32  2:50  Drone x2  
  33  2:55  Overlord  
  33  2:59  Drone  
  34  3:08  Drone  
  34  3:11  Hatchery  
  34  3:17  Drone x2  
  36  3:32  Drone  
  36  3:33  Drone x3  
  40  3:37  Drone  
  41  3:42  Zergling x6  
  41  3:43  Baneling x2  
  41  3:46  Overlord  
  44  3:51  Spine Crawler  
  43  3:58  Zergling x2  
  44  4:06  Zergling x2  
  44  4:07  Zergling x8  
  49  4:24  Drone  
  49  4:25  Drone x5  
  49  4:27  Extractor  
  49  4:30  Extractor, Lair  
  53  4:36  Zergling x10  
  53  4:37  Extractor  
  57  4:39  Baneling x4  
  57  4:43  Drone  
  57  4:45  Overlord x3  
  58  4:55  Roach Warren  
  57  5:01  Pneumatized Carapace  
  57  5:03  Queen, Zergling x2  
  57  5:04  Zergling x10  
  65  5:15  Drone  
  65  5:16  Drone x4  
  70  5:32  Drone x3, Hydralisk Den  
  70  5:34  Drone x2  
  70  5:35  Drone x3  
  77  5:39  Roach x2  
  81  5:46  Evolution Chamber  
  81  5:47  Evolution Chamber  
  78  5:59  Glial Reconstitution  
  78  6:02  Hydralisk, Grooved Spines  
  80  6:06  Drone  
  80  6:07  Extractor, Overlord  
  80  6:08  Extractor, Overlord x3  
  80  6:09  Overlord x2  
  79  6:13  Zerg Missile Weapons Level 1, Zerg Ground Armor Level 1  
  79  6:21  Roach  
  79  6:22  Overlord  
  81  6:26  Drone x4  
  81  6:27  Drone  
  81  6:31  Roach x2  
  90  6:36  Hydralisk x2  
  94  6:40  Hydralisk  
  96  6:48  Hydralisk x3  
  96  6:52  Hydralisk  
  104  6:54  Hydralisk  
  104  6:59  Hydralisk  
  104  7:00  Roach  
  110  7:08  Hydralisk x2  
  107  7:14  Hydralisk  
  104  7:16  Roach  
  104  7:17  Zergling x8  
  80  7:37  Hydralisk x3  
  80  7:44  Roach x6  
  86  7:54  Hydralisk x2  
  86  7:55  Zergling x4  
  90  8:22  Hatchery  
  79  8:28  Hydralisk x4  
  79  8:29  Hydralisk x2  
  86  8:40  Hydralisk x2  
Tags
 
Add a new tag
Caveats
  • Supply blocks, unpowered buildings, or Contaminate may cause inaccurate times.
  • Supply counts are checked every 10 seconds.